 Dungeon Crawl Stone Soup version 0.31-a0-1074-g0b22e4e0f1 (console) character file.

Game seed: 1469744791894962401

3763 petzl the Conjurer (level 10, -1/67 (70) HPs)
             Began as a Formicid Delver on Nov 26, 2023.
             Was a Believer of Vehumet.
             Slain by a hornet (11 damage)
             ... on level 8 of the Dungeon.
             The game lasted 00:39:02 (9133 turns).

petzl the Conjurer (Formicid Delver)                Turns: 9133, Time: 00:39:03

HP:   -1/67 (70)    AC:  9    Str: 16      XL:     10   Next: 38%
MP:   13/19         EV: 11    Int: 13 (15) God:    Vehumet [**....]
Gold: 1252          SH:  0    Dex: 15      Spells: 8/22 levels left

rFire   + . .        a - +3 quarterstaff (chaos)
rCold   + . .        (no shield)
rNeg    . . .        y - +1 scale mail {rPois}
rPois   +            (helmet unavailable)
rElec   .            w - +0 cloak
rCorr   .            (no gloves)
SInv    +            (no boots)
Will    ++...        (no amulet)
Stlth   ++           F - ring of protection from fire
HPRegen 0.31/turn    g - ring of protection from cold
MPRegen 0.16/turn

%: no passive effects
@: enlightened, flying, studying 2 skills, lightly drained
A: permanent stasis, dig shafts and tunnels, antennae 3, four strong arms
a: Dig, Shaft Self, Renounce Religion


You were on level 8 of the Dungeon.
You worshipped Vehumet.
Vehumet was pleased with you.
You visited 2 branches of the dungeon, and saw 9 of its levels.

You collected 1267 gold pieces.
You spent 15 gold pieces at shops.

Inventory:

Hand Weapons
 a - a +3 quarterstaff of chaos (weapon)
 b - a +1 shortbow
 c - a +0 dagger of venom {!f =f}
 d - the +4 lajatang "Worm" {heavy, Will++}
   (You acquired it on level 8 of the Dungeon)

   Will++:    It greatly increases your willpower.
 o - a +0 whip of flaming
 u - a +0 mace of holy wrath
 D - a +2 spear of freezing {!f =f}
Missiles
 j - 3 darts of dispersal
 q - 10 javelins
 s - 4 poisoned darts
Armour
 v - a +1 leather armour
 w - a +0 cloak (worn)
 y - a +1 scale mail of poison resistance (worn)
 I - a +0 kite shield
Jewellery
 g - a ring of protection from cold (right hand)
 F - a ring of protection from fire (left hand)
Wands
 f - a wand of digging (3)
 h - a wand of flame (4)
Scrolls
 e - a scroll of immolation {unknown}
 i - 2 scrolls of enchant armour
 l - 5 scrolls of revelation
 p - a scroll of poison
 r - 2 scrolls of torment
 x - a scroll of fog
 A - a scroll of amnesia
Potions
 k - a potion of enlightenment
 m - 2 potions of invisibility {unknown}
 t - 2 potions of degeneration
 z - a potion of berserk rage {unknown}
 E - a potion of ambrosia {unknown}
 G - a potion of resistance {unknown}


   Skills:
 - Level 3.2 Fighting
 - Level 2.0(2.8) Maces & Flails
 + Level 3.0(3.3) Staves
 - Level 3.0 Ranged Weapons
 + Level 5.7 Armour
 - Level 5.0 Dodging
 - Level 6.0 Stealth
 + Level 6.5 Spellcasting
 * Level 6.8 Conjurations
 + Level 0.0 Air Magic
 - Level 6.0 Earth Magic
 + Level 0.0 Poison Magic
 - Level 2.0 Evocations


You had 8 spell levels left.
You knew the following spells:

 Your Spells              Type           Power      Damage    Failure   Level
a - Stone Arrow           Conj/Erth      40%        3d9       11%         3
b - Poisonous Vapours     Pois/Air       8%         N/A       61%         2
f - Freeze                Ice            16%        1d4       45%         1
l - Freezing Cloud        Conj/Ice/Air   5%         6-21      99%         5
m - Mephitic Cloud        Conj/Pois/Air  10%        N/A       52%         3

Your spell library contained the following spells:

 Spells                   Type           Power      Damage    Failure   Level
 Kiss of Death            Conj/Necr      52%        2d9       13%         1
 Sandblast                Erth           38%        2d10      4%          1
 Passwall                 Tmut/Erth      10%        N/A       22%         2
 Brom's Barrelling Bould  Conj/Erth      20%        2d4       36%         4
 Cigotuvi's Dreadful Rot  Necr/Pois/Air  8%         N/A       61%         2
 Ignite Poison            Fire/Tmut/Pois 4%         N/A       83%         3


Dungeon Overview and Level Annotations

Branches:
Dungeon (8/15)             Temple (1/1) D:6
   Lair: D:8-11

Altars:
Ashenzari
Cheibriados
Dithmenos
Elyvilon
Fedhas
Gozag
Hepliaklqana
Kikubaaqudgha
Makhleb
Okawaru
Qazlal
Ru
Sif Muna
Trog
Uskayaw
Vehumet
Wu Jian
Xom
Yredelemnul
Zin
The Shining One

Shops:
D:3 (

Annotations:
D:4 exclusion: downstairs, Edmund
D:5 Duvessa, Grinder, Menkaure, Pikel


Innate Abilities, Weirdness & Mutations

You cannot be hasted, slowed, berserked, paralysed or teleported.
You can dig through walls and to a lower floor.
You have a pair of large antennae on your head. (SInv)
Your four strong arms can wield two-handed weapons with a shield.


Message History

* * * LOW HITPOINT WARNING * * *
The hornet stings you but does no damage.
Casting: Stone Arrow (dangerous; 11% risk of failure)
Confirm with . or Enter, or press ? or * to list all spells.
Aiming: Stone Arrow (dangerous; 11% risk of failure)
Press: ? - help, Shift-Dir - straight line, f/p - hornet
Aim: a hornet (severely wounded, unusually agile, 40% to hit)
The stone arrow misses the hornet.
You feel sick.
You are no longer poisoned.
The hornet stings you.
* * * LOW HITPOINT WARNING * * *
Your stasis prevents you from being slowed.
Okay, then.
Okay, then.
Unknown command.
Unknown command.
Okay, then.
Okay, then.
Unknown command.
Unknown command.
Unknown command.
Unknown command.
Press: ? - help, v - describe, . - travel, g - get item
Here: a hornet (severely wounded, unusually agile) Item here: a +0 trident.
The floor.
Unknown command.
Casting: Stone Arrow (dangerous; 11% risk of failure)
Confirm with . or Enter, or press ? or * to list all spells.
Aiming: Stone Arrow (dangerous; 11% risk of failure)
Press: ? - help, Shift-Dir - straight line, f/p - hornet
Aim: a hornet (severely wounded, unusually agile, 40% to hit)
The stone arrow hits the hornet.
The hornet is severely wounded.
The hornet stings you but does no damage.
The hornet closely misses you.
It was a potion of enlightenment.
You feel very buoyant.
You fly up into the air.
The hornet stings you!
You die...

#.......................#
###.........#####.###...#
...........#.#. #.........#
.....o##.#+#.#+####.#...#...#
.....)#..........##.#.......#
..... #..........##.#.#...###
..... #..........##.#....##
.... #..........##.#....###
.... +..........##.#.##...#
#..........##...##.#.#
#.^...........)....#.#
#....#.######..#####.#
#....#.## #...######.# .#
#....#..###.#........# .z.
#....##..##)########## ☼...
#....###....# #R..####....#
#..### #...........###..#####
...........y@..).....#
.....................#
.....................#
.....................#
........##...........#
........##...........#
..#+######...........# #
##+########## {


You could see a hornet (agile).

Vanquished Creatures
  A kobold demonologist (D:7)
  Sigmund (D:3)
  3 vampires (D:7)
  A wyvern (D:6)
  3 water moccasins
  An orc warrior (D:8)
  An ice beast (D:7)
  A black bear (D:7)
  A sky beast (D:8)
  4 lemures (D:5)
  2 centaurs (D:7)
  2 ogres
  A phantom (D:6)
  Blork the orc (D:5)
  2 bullfrogs (D:6)
  A gnoll sergeant (D:7)
  A scorpion (D:5)
  5 wights (D:8)
  5 killer bees (D:7)
  3 howler monkeys (D:7)
  3 jellies
  6 hounds
  Crazy Yiuf (D:3)
  An orc priest (D:7)
  A gnoll bouda (D:7)
  A sleepcap (D:5)
  3 iguanas
  5 orc wizards
  Robin (D:3)
  5 gnolls (D:7)
  6 adders
  A shadow imp (D:6)
  3 white imps
  2 worms
  3 dart slugs
  28 orcs
  11 endoplasms
  4 giant cockroaches
  15 goblins
  2 hobgoblins (D:4)
  4 jackals (D:3)
  17 kobolds
  4 quokkas
  2 ball pythons
  4 bats
  2 frilled lizards
  2 rats
177 creatures vanquished.

Notes
Turn   | Place    | Note
-------+----------+-------------------------------------------
     0 | D:5      | petzl the Formicid Delver began the quest for the Orb.
     0 | D:5      | Reached XP level 1. HP: 18/18 MP: 1/1
    40 | D:5      | Noticed a scorpion
    72 | D:6      | Noticed a water moccasin
    72 | D:6      | Found a radiant altar of Vehumet.
    83 | D:5      | Noticed an orc wizard
   187 | D:4      | Found an opulent altar of Gozag.
   200 | D:4      | Reached skill level 1 in Spellcasting
   330 | D:3      | Reached XP level 2. HP: 24/24 MP: 4/4
   746 | D:1      | Reached XP level 3. HP: 29/29 MP: 5/5
  1150 | D:2      | Reached skill level 1 in Armour
  1150 | D:2      | Reached skill level 1 in Evocations
  1528 | D:2      | Reached XP level 4. HP: 35/35 MP: 6/6
  1948 | D:4      | Found a white marble altar of Elyvilon.
  1975 | D:4      | Noticed Edmund
  2123 | D:3      | Noticed Robin
  2276 | D:5      | Noticed Blork the orc
  2426 | D:3      | Killed Robin
  2441 | D:3      | Reached XP level 5. HP: 30/41 MP: 8/8
  2542 | D:3      | Noticed Sigmund
  2838 | D:3      | Found a radiant altar of Vehumet.
  2838 | D:3      | Found an ancient bone altar of Kikubaaqudgha.
  2838 | D:3      | Found a shimmering altar of Xom.
  2838 | D:3      | Found a white marble altar of Elyvilon.
  2838 | D:3      | Found a glowing silver altar of Zin.
  2838 | D:3      | Found a radiant altar of Vehumet.
  3049 | D:3      | Killed Sigmund
  3050 | D:3      | Reached XP level 6. HP: 38/47 MP: 8/11
  3135 | D:3      | Found a runed translucent door.
  3136 | D:3      | Noticed Crazy Yiuf
  3141 | D:3      | Killed Crazy Yiuf
  3270 | D:3      | Became a worshipper of Vehumet
  3340 | D:3      | Reached XP level 7. HP: 52/52 MP: 12/12
  3464 | D:3      | Reached skill level 1 in Staves
  3527 | D:3      | Learned a level 3 spell: Stone Arrow
  3601 | D:3      | Found Fidaoh Woru's Weapon Shoppe.
  3612 | D:3      | Bought a +0 sling for 15 gold pieces
  3995 | D:6      | Noticed a wyvern
  4115 | D:5      | Found a hide-covered altar of Uskayaw.
  4137 | D:5      | Reached skill level 1 in Conjurations
  4137 | D:5      | Reached skill level 1 in Earth Magic
  4278 | D:5      | Reached * piety under Vehumet
  4278 | D:5      | Offered knowledge of Freeze by Vehumet.
  4282 | D:5      | Learned a level 1 spell: Freeze
  4331 | D:5      | Found an ornate altar of the Wu Jian Council.
  4498 | D:5      | Noticed Menkaure
  4667 | D:5      | Noticed Pikel
  4768 | D:5      | Killed Blork the orc
  4769 | D:5      | Reached XP level 8. HP: 53/58 MP: 14/14
  4922 | D:5      | Noticed Grinder
  4947 | D:5      | Noticed Duvessa
  5026 | D:6      | Found an iron altar of Okawaru.
  5354 | D:6      | Found a shadowy altar of Dithmenos.
  5662 | D:6      | Learned a level 2 spell: Poisonous Vapours
  5666 | D:6      | Learned a level 3 spell: Mephitic Cloud
  5672 | D:6      | Learned a level 5 spell: Freezing Cloud
  5798 | D:6      | Reached skill level 5 in Spellcasting
  5878 | D:6      | Offered knowledge of Kiss of Death by Vehumet.
  5879 | D:6      | Reached XP level 9. HP: 57/64 MP: 16/16
  6207 | D:7      | Reached ** piety under Vehumet
  6225 | D:6      | Reached skill level 5 in Dodging
  6336 | D:6      | Found a staircase to the Ecumenical Temple.
  6347 | Temple   | Entered the Ecumenical Temple
  6750 | D:7      | Found a bloodstained altar of Trog.
  6939 | D:7      | Reached skill level 5 in Conjurations
  7207 | D:7      | Reached skill level 1 in Ranged Weapons
  7349 | D:7      | You fall into a shaft and drop 1 floor!
  7571 | D:7      | Reached skill level 5 in Earth Magic
  7831 | D:7      | Reached XP level 10. HP: 55/70 MP: 19/19
  7834 | D:7      | Reached skill level 5 in Armour
  8167 | D:7      | Noticed a kobold demonologist
  8212 | D:7      | Killed a kobold demonologist
  8876 | D:8      | Found a shimmering altar of Xom.
  8935 | D:8      | Identified 2 scrolls of acquirement
  8936 | D:8      | Acquired 908 gold pieces
  8938 | D:8      | Acquired the +4 lajatang "Worm" {heavy, Will++}
  9117 | D:8      | Noticed a skeletal warrior
  9117 | D:8      | Noticed an efreet
  9133 | D:8      | Slain by a hornet

Illustrated notes

Levels and vault maps discovered:
D:1:      saegor_arrival_miasma, layout_basic
D:2:      layout_basic, chequers_serial_rivers_micro_c,
          kennysheep_generic_room_16
D:3:      cheibrodos_fertilizer, layout_basic, serial_shops,
          nicolae_shop_bloodbath_and_beyond, uniq_sigmund,
          uniq_crazy_yiuf_cottage, uniq_robin
D:4:      layout_loops_cross, mainiacjoe_overflow_paths, lemuel_tele_altar,
          uniq_edmund
D:5:      layout_loops_cross, mainiacjoe_overflow_brackets,
          kennysheep_mini_moat, uniq_grinder, uniq_duvessa, uniq_pikel,
          uniq_blork_the_orc, uniq_menkaure
D:6:      minmay_octagon_keep, layout_basic, grunt_dithmenos_shadows,
          okawaru_gym_becter, vehumet_altar_wand_db,
          minmay_temple_entry_stoned_glass, hangedman_abyss_or_decor_passed
D:7:      layout_loops_cross, mainiacjoe_overflow_chevrons, serial_library,
          serial_library_regret_index_double_sided,
          serial_library_hellmonk_reading_circle,
          serial_library_hellmonk_open_cross, serial_library_hellmonk_room_c,
          serial_library_hellmonk_angled_corner,
          serial_library_hellmonk_octagon,
          serial_library_hellmonk_angled_corner,
          serial_library_hellmonk_big_corner, serial_library_hellmonk_room_a,
          serial_library_hellmonk_small_corner, minmay_diced_spiral
D:8:      minmay_diamond_stairs, layout_basic, amcnicky_altar_gilded,
          lemuel_crystal_altar, uniq_erica
Temple:   hellmonk_temple_flake

Skill      XL: |  1  2  3  4  5  6  7  8  9 10 |
---------------+-------------------------------+-----
Spellcasting   | 1 2 3 4 5 6 |  6.5
Dodging        | 2 3 4 5 |  5.0
Armour         | 1 3 4 5 |  5.7
Evocations     | 1 2 |  2.0
Staves         | 2 3 |  3.0
Conjurations   | 2 4 5 6 |  6.8
Earth Magic    | 1 3 5 6 |  6.0
Ranged Weapons | 2 3 |  3.0
Fighting       | |  3.2
Maces & Flails | |  2.0
Stealth        | |  6.0

Action                     |  1- 3 |  4- 6 |  7- 9 | 10-12 || total
---------------------------+-------+-------+-------+-------++-------
  Melee: Mace              |    50 |       |       |       ||    50
         Whip              |    43 |    79 |       |       ||   122
         Punch             |       |     3 |     3 |     2 ||     8
         Dagger            |       |    47 |     1 |     4 ||    52
         Quarterstaff      |       |     8 |   320 |    39 ||   367
         Lajatang          |       |       |       |    11 ||    11
   Fire: Sling             |       |       |    64 |       ||    64
         Shortbow          |       |       |     7 |    18 ||    25
  Throw: Javelin           |     3 |       |       |       ||     3
   Cast: Stone Arrow       |       |       |       |    20 ||    20
Ability: Dig               |       |       |     1 |       ||     1
         Shaft Self        |       |       |     1 |       ||     1
  Evoke: Wand              |     1 |     6 |    16 |     5 ||    28
    Use: Scroll            |       |     6 |     4 |     4 ||    14
         Potion            |       |       |     3 |     1 ||     4
   Stab: Sleeping          |     8 |     6 |     4 |       ||    18
         Distracted        |     1 |       |       |       ||     1
         Confused          |       |       |     2 |       ||     2
         Paralysed         |       |       |    10 |     5 ||    15
 Armour: Leather armour    |    41 |    89 |    58 |       ||   188
         Scale mail        |       |       |   185 |    68 ||   253
  Dodge: Dodged            |    50 |    98 |   229 |    37 ||   414

Table legend: (Time is in decaauts)
 A = Elapsed time spent in this place.
 B = Non-inter-level travel time spent in this place.
 C = Inter-level travel time spent in this place.
 D = Time resting spent in this place.
 E = Time spent auto-exploring this place.
 F = Levels seen in this place.
 G = Mean time per level.
                   A        B        C        D        E       F      G
               +--------+--------+--------+--------+--------+-----+--------+
         Total |   9241 |   8852 |    389 |   2377 |   3838 |   9 | 1026.8 |
       Dungeon |   9239 |   8850 |    389 |   2377 |   3838 |   8 | 1154.9 |
        Temple |      1 |      1 |      0 |      0 |      0 |   1 |    1.0 |
               +--------+--------+--------+--------+--------+-----+--------+

Top non-repeatable levels by time:
     D:7: 2236 daAuts
     D:3: 1607 daAuts
     D:6: 1407 daAuts
     D:5: 1083 daAuts
     D:4: 945 daAuts
     D:2: 745 daAuts
     D:1: 612 daAuts
     D:8: 601 daAuts
  Temple: 1 daAuts
